Map: Ascension to Aiur LE

Players

Scarlett - Winner!

  • Race: Zerg Zerg
  • League: Diamond
  • Spawn Location: 5:00

Zest

  • Race: Protoss Protoss
  • League: Master
  • Spawn Location: 11:00

Event: HomeStory Cup XVI

VOD

Have the link to the VOD?

Description

Time

  • Played on: Nov. 12, 2017, 10:40 a.m.
  • Length: 17:50

All games in this series

Show
View Real Time Build Order
Export as new Build Order

Scarlett Zerg - Winner!

Build Orders: Hatch First, Lurkers 

Get SALT Encoding   

  12  0:00  Drone  
  13  0:12  Overlord  
  13  0:16  Drone  
  14  0:30  Drone x2  
  14  0:34  Drone  
  17  0:51  Hatchery  
  17  0:55  Drone  
  17  0:57  Drone  
  18  1:06  Extractor  
  17  1:13  Spawning Pool  
  17  1:15  Drone  
  17  1:18  Drone  
  18  1:28  Drone  
  19  1:39  Overlord  
  19  1:50  Drone  
  20  2:01  Queen  
  22  2:02  Zergling x2  
  22  2:03  Queen, Drone  
  22  2:08  Metabolic Boost  
  26  2:13  Drone  
  26  2:14  Drone  
  28  2:22  Drone  
  29  2:25  Drone  
  30  2:34  Drone  
  31  2:37  Hatchery  
  31  2:41  Zergling x2  
  31  2:45  Queen  
  31  2:49  Overlord  
  33  2:53  Drone  
  33  2:57  Drone x2  
  36  3:08  Overlord  
  36  3:09  Drone x3  
  36  3:10  Drone  
  40  3:15  Spore Crawler  
  40  3:16  Zergling x2  
  37  3:20  Zergling x4  
  37  3:27  Drone x2  
  38  3:35  Spore Crawler  
  37  3:43  Drone x3  
  37  3:48  Drone  
  41  3:55  Drone x2  
  43  3:57  Spore Crawler  
  43  3:59  Drone  
  43  4:04  Queen  
  43  4:06  Drone x5  
  43  4:09  Spore Crawler  
  49  4:13  Evolution Chamber  
  49  4:15  Drone x3  
  51  4:19  Spore Crawler  
  51  4:22  Overlord  
  49  4:28  Overlord  
  49  4:35  Overlord  
  49  4:38  Extractor  
  49  4:39  Queen, Zerg Melee Weapons Level 1  
  49  4:41  Drone x2  
  52  4:52  Drone  
  50  4:53  Drone x3  
  53  5:02  Drone  
  53  5:03  Drone x4  
  53  5:04  Baneling Nest  
  57  5:12  Drone  
  57  5:13  Drone x3  
  61  5:14  Drone x2  
  61  5:18  Zergling x10  
  68  5:30  Lair  
  68  5:31  Zergling x8  
  68  5:35  Overlord, Drone x2  
  74  5:37  Overlord  
  74  5:48  Baneling x6  
  74  5:53  Overlord  
  74  5:55  Drone x8  
  82  6:04  Overlord  
  82  6:05  Overlord  
  82  6:17  Zergling x12  
  84  6:19  Drone x3  
  84  6:20  Queen  
  84  6:21  Extractor  
  84  6:22  Extractor  
  86  6:26  Zergling x4  
  86  6:31  Queen  
  88  6:33  Hydralisk Den, Extractor  
  88  6:39  Zergling x2  
  84  6:40  Drone, Zergling x2  
  84  6:41  Drone x8  
  84  6:44  Extractor  
  84  6:45  Queen  
  84  6:46  Zerg Missile Weapons Level 1  
  95  6:57  Overlord  
  95  6:58  Centrifical Hooks  
  95  7:01  Overlord  
  95  7:04  Queen  
  95  7:07  Hydralisk  
  95  7:08  Muscular Augments  
  99  7:09  Overlord x2  
  99  7:10  Hatchery  
  99  7:11  Overseer  
  99  7:13  Drone  
  99  7:14  Overlord  
  99  7:19  Overseer  
  99  7:20  Hydralisk  
  99  7:21  Hydralisk  
  103  7:27  Hydralisk x2  
  106  7:33  Hydralisk  
  106  7:34  Hydralisk x2  
  106  7:36  Drone  
  112  7:37  Drone x5  
  116  7:55  Drone x5  
  116  7:56  Drone x2  
  123  7:59  Lurker Den  
  123  8:01  Drone  
  123  8:02  Hydralisk  
  125  8:15  Extractor, Hydralisk x5  
  125  8:17  Drone x2  
  125  8:18  Extractor, Drone x4  
  138  8:30  Hydralisk x5  
  148  8:34  Drone x2  
  149  8:44  Overlord  
  149  8:45  Drone x2  
  149  8:46  Overlord  
  149  8:47  Overlord x5  
  151  8:54  Zerg Missile Weapons Level 2  
  151  8:59  Infestation Pit  
  151  9:01  Hatchery  
  149  9:08  Drone x3  
  152  9:15  Zergling x20  
  162  9:29  Lurker x7  
  169  9:38  Zergling x6  
  169  9:39  Zergling x22  
  169  9:40  Hive  
  169  9:42  Lurker x3, Spire  
  169  9:44  Zergling x16  
  193  9:45  Baneling  
  193  9:46  Extractor, Baneling x5  
  193  9:48  Extractor  
  190  10:04  Spore Crawler  
  190  10:06  Spine Crawler, Spore Crawler  
  176  10:42  Spine Crawler  
  176  10:43  Spine Crawler x2  
  169  10:58  Greater Spire, Corruptor x2  
  169  10:59  Corruptor x6  
  184  11:07  Ultralisk Cavern  
  184  11:09  Infestation Pit  
  184  11:10  Zerg Melee Weapons Level 2  
  181  11:11  Evolution Chamber, Adrenal Glands  
  181  11:18  Drone x3  
  183  11:20  Spine Crawler x2  
  183  11:23  Spine Crawler  
  183  11:24  Spine Crawler  
  183  11:25  Spine Crawler  
  177  11:42  Zerg Missile Weapons Level 3  
  177  11:53  Pathogen Glands  
  177  12:01  Viper x2  
  181  12:10  Brood Lord  
  181  12:11  Zerg Flyer Weapons Level 1, Brood Lord x5  
  192  12:16  Drone x8  
  192  12:20  Spore Crawler x3  
  195  12:25  Spore Crawler  
  195  12:26  Spore Crawler  
  195  12:27  Infestor x3  
  195  12:29  Burrow  
  199  12:30  Spore Crawler  
  199  12:31  Spore Crawler  
  199  12:33  Spore Crawler  
  199  12:35  Spore Crawler  
  195  12:37  Spore Crawler, Baneling x2  
  195  12:38  Spore Crawler, Baneling x7  
  191  12:47  Spore Crawler x2, Infestor x2  
  191  12:48  Spore Crawler, Brood Lord x2  
  191  12:49  Neural Parasite  
  194  12:58  Overseer x4  
  189  13:11  Infestor x2  
  193  13:23  Baneling x3  
  193  13:24  Baneling x2  
  193  13:25  Spore Crawler, Baneling x6  
  193  13:26  Spore Crawler, Zerg Ground Armor Level 1  
  193  13:27  Spore Crawler  
  189  13:37  Drone x2  
  189  13:38  Drone  
  189  13:39  Drone x6  
  189  13:40  Pneumatized Carapace  
  198  13:45  Hatchery  
  196  13:49  Infestor x5  
  196  13:50  Infestor x2  
  184  13:59  Infestor x6  
  195  14:10  Baneling x3  
  195  14:11  Baneling x4  
  195  14:13  Spore Crawler  
  195  14:15  Spore Crawler  
  195  14:16  Spore Crawler  
  192  14:19  Zerg Flyer Armor Level 1  
  192  14:20  Zerg Melee Weapons Level 3  
  192  14:31  Infestor x2  
  192  14:43  Infestor x2  
  193  14:53  Infestor  
  191  15:04  Extractor, Drone x3  
  191  15:05  Extractor  
  192  15:09  Spore Crawler  
  192  15:10  Spore Crawler  
  190  15:20  Infestor x6  
  200  15:33  Spore Crawler  
  200  15:35  Spore Crawler  
  198  15:37  Spore Crawler  
  198  15:42  Infestor  
  199  15:49  Spine Crawler  
  198  15:50  Spine Crawler x2  
  198  15:52  Spine Crawler  
  198  15:53  Spore Crawler  
  198  15:55  Overseer x3  
  198  15:56  Spine Crawler, Overseer  
  198  15:57  Overseer x4  
  184  16:26  Infestor x8  
  200  16:45  Spore Crawler  
  199  16:47  Spore Crawler  
  189  17:09  Viper  
Show
View Real Time Build Order
Export as new Build Order

Zest Protoss 

Build Orders: 1 Gate Expand, Oracle Opening, Phoenix Opening, Carriers, Zealot Archon, Archon Drop 

Get SALT Encoding   

  12  0:02  Probe (Chrono Boost)  
  14  0:14  Probe (Chrono Boost)  
  14  0:18  Pylon  
  14  0:25  Probe (Chrono Boost)  
  15  0:31  Probe (Chrono Boost)  
  15  0:40  Probe (Chrono Boost)  
  15  0:42  Gateway  
  17  0:46  Assimilator  
  17  0:53  Probe (Chrono Boost)  
  19  1:05  Probe (Chrono Boost)  
  19  1:17  Probe (Chrono Boost)  
  20  1:22  Nexus  
  20  1:32  Cybernetics Core  
  20  1:36  Probe (Chrono Boost)  
  21  1:40  Assimilator  
  21  1:49  Probe (Chrono Boost), Pylon  
  22  1:58  Adept  
  22  2:01  Probe (Chrono Boost)  
  25  2:13  Probe (Chrono Boost), Stargate  
  25  2:15  Adept  
  26  2:21  Warp Gate  
  26  2:25  Probe (Chrono Boost)  
  29  2:36  Probe (Chrono Boost)  
  31  2:37  Probe (Chrono Boost)  
  31  2:44  Adept  
  31  2:47  Oracle  
  31  2:48  Probe (Chrono Boost)  
  31  2:49  Probe (Chrono Boost)  
  35  2:52  Pylon  
  38  3:01  Probe (Chrono Boost)  
  38  3:03  Probe (Chrono Boost)  
  41  3:13  Probe (Chrono Boost)  
  41  3:15  Probe (Chrono Boost)  
  42  3:21  Phoenix  
  42  3:25  Probe (Chrono Boost)  
  44  3:28  Probe (Chrono Boost)  
  42  3:37  Probe (Chrono Boost)  
  42  3:38  Gateway  
  42  3:40  Gateway, Probe (Chrono Boost)  
  44  3:47  Adept  
  47  3:50  Shield Battery, Probe (Chrono Boost)  
  47  3:52  Probe (Chrono Boost)  
  48  3:56  Probe (Chrono Boost)  
  48  3:58  Assimilator  
  50  4:02  Assimilator  
  50  4:04  Probe x2 (Chrono Boost)  
  50  4:08  Robotics Facility  
  51  4:13  Twilight Council  
  51  4:16  Probe (Chrono Boost)  
  52  4:20  Probe (Chrono Boost)  
  53  4:28  Probe (Chrono Boost)  
  53  4:31  Gateway  
  54  4:34  Pylon  
  54  4:35  Pylon  
  54  4:44  Warp Prism  
  54  4:46  Pylon  
  53  5:02  Templar Archives  
  53  5:03  Adept x2  
  57  5:08  Adept  
  59  5:17  Nexus  
  59  5:19  Pylon  
  59  5:22  Pylon  
  58  5:29  Forge  
  58  5:31  Probe x2 (Chrono Boost)  
  60  5:40  High Templar x4  
  70  5:43  Probe x2 (Chrono Boost)  
  70  5:44  Archon x2  
  70  5:53  Charge, Protoss Ground Weapons Level 1  
  70  5:54  Observer  
  70  5:55  Probe x2 (Chrono Boost)  
  73  6:01  Probe x2 (Chrono Boost)  
  73  6:09  Probe x2 (Chrono Boost)  
  73  6:11  Shield Battery  
  76  6:15  Warp Prism  
  79  6:21  Probe x2 (Chrono Boost)  
  81  6:32  Probe (Chrono Boost), Psionic Storm  
  84  6:33  Probe x2 (Chrono Boost)  
  80  6:43  Assimilator  
  80  6:44  Probe (Chrono Boost)  
  80  6:45  Gateway x2, Probe x2 (Chrono Boost)  
  83  6:51  High Templar x2  
  87  6:56  Archon, Probe (Chrono Boost)  
  87  7:00  Nexus, Observer, Probe x2 (Chrono Boost)  
  91  7:02  Pylon  
  91  7:05  Pylon  
  91  7:07  Photon Cannon  
  91  7:08  Assimilator, Probe (Chrono Boost)  
  92  7:12  Probe x2 (Chrono Boost)  
  92  7:13  Zealot x2  
  98  7:21  Probe (Chrono Boost)  
  100  7:24  Probe (Chrono Boost)  
  100  7:27  Probe (Chrono Boost)  
  101  7:33  Probe (Chrono Boost)  
  101  7:34  Protoss Ground Weapons Level 2  
  101  7:36  Probe (Chrono Boost)  
  103  7:38  High Templar x3  
  103  7:40  Photon Cannon  
  103  7:41  Shield Battery  
  103  7:42  High Templar  
  111  7:49  Gateway  
  111  7:50  Gateway, Probe x2 (Chrono Boost)  
  113  7:59  Gateway x3  
  113  8:04  Photon Cannon, Gateway  
  113  8:05  Gateway  
  113  8:06  Photon Cannon  
  113  8:08  Photon Cannon  
  113  8:10  Photon Cannon  
  113  8:11  Shield Battery  
  115  8:13  Probe x2 (Chrono Boost)  
  115  8:26  Immortal  
  115  8:28  Shield Battery  
  115  8:29  Assimilator x2  
  115  8:31  Zealot x3  
  115  8:32  Zealot  
  127  9:02  Fleet Beacon, Stargate  
  127  9:05  High Templar  
  127  9:06  High Templar x4, Zealot  
  139  9:11  Pylon  
  139  9:12  Pylon  
  139  9:13  Pylon x2  
  139  9:15  Pylon  
  139  9:16  Protoss Air Weapons Level 1  
  139  9:17  Archon x2, Pylon  
  139  9:21  Pylon  
  139  9:29  Immortal  
  143  9:32  Stargate  
  143  9:33  Cybernetics Core  
  143  9:39  Zealot x2  
  143  9:40  Zealot x2  
  143  9:44  High Templar x2  
  155  9:47  Nexus  
  155  9:48  Pylon  
  155  9:52  Pylon  
  162  10:00  Mothership (Chrono Boost)  
  162  10:05  Carrier x2  
  162  10:11  Observer  
  162  10:12  Zealot x7  
  162  10:13  Zealot x2  
  176  10:14  Carrier  
  176  10:15  Immortal  
  176  10:44  Protoss Air Weapons Level 2  
  176  10:55  Zealot x5  
  180  11:00  Photon Cannon  
  180  11:02  Photon Cannon  
  180  11:03  Graviton Catapult  
  178  11:04  Photon Cannon  
  178  11:06  Photon Cannon  
  178  11:15  Protoss Shields Level 1  
  175  11:27  Protoss Air Armor Level 1  
  175  11:29  Assimilator  
  175  11:31  Carrier  
  175  11:33  Carrier  
  175  11:39  Assimilator  
  175  11:40  Shield Battery  
  175  11:41  Carrier  
  175  11:44  Shield Battery  
  175  11:45  Shield Battery  
  191  12:22  Pylon  
  183  12:26  Pylon  
  183  12:28  High Templar  
  185  12:38  Shield Battery  
  185  12:40  Gateway  
  185  12:42  Shield Battery  
  185  12:44  Shield Battery  
  185  12:46  Oracle  
  185  12:49  Void Ray  
  185  12:56  Oracle, Nexus, Shield Battery  
  188  12:59  Shield Battery, Pylon  
  188  13:01  Pylon  
  188  13:02  Protoss Air Weapons Level 3, Shield Battery  
  188  13:04  Shield Battery  
  189  13:09  Protoss Ground Weapons Level 3  
  192  13:18  Protoss Air Armor Level 2  
  191  13:21  Photon Cannon  
  191  13:24  Gateway  
  191  13:26  Shield Battery  
  191  13:29  Robotics Bay  
  191  13:31  Oracle  
  178  13:59  High Templar  
  178  14:00  High Templar x2  
  178  14:01  High Templar  
  178  14:02  Zealot  
  182  14:03  Carrier, Probe x3 (Chrono Boost)  
  182  14:09  Void Ray x2  
  191  14:14  Probe x3 (Chrono Boost)  
  169  14:46  Void Ray x2  
  177  15:13  Pylon  
  177  15:24  Tempest  
  177  15:25  Tempest  
  181  15:29  Probe x4 (Chrono Boost)  
  193  16:09  Observer  
  194  16:30  Observer  
  194  16:44  Tempest  
  182  17:23  Stalker x5  
  182  17:24  Stalker x5  
Tags
 
Add a new tag
Caveats
  • Supply blocks, unpowered buildings, or Contaminate may cause inaccurate times.
  • Supply counts are checked every 10 seconds.